 Dungeon Crawl Stone Soup version 0.27.1-1-g398f81649c (webtiles) character file.

Game seed: 1195574518227019012

25 nxtlvl the Chopper (level 2, -24/26 HPs)
             Began as a Draconian Berserker on Sept 21, 2021.
             Was a Follower of Trog.
             Annihilated by an ogre (26 damage)
             ... on level 7 of the Dungeon.
             The game lasted 00:01:34 (177 turns).

nxtlvl the Chopper (Draconian Berserker)             Turns: 177, Time: 00:01:35

Health: -24/26     AC:  4    Str: 19    XL:     2   Next: 86%
Magic:  2/2        EV: 12    Int:  7    God:    Trog [*.....]
Gold:   0          SH:  0    Dex: 10    Spells: 1/1 levels left

rFire    . . .     SeeInvis .   a - +0 hand axe
rCold    . . .     Faith    .   (no shield)
rNeg     . . .     Spirit   .   (armour unavailable)
rPois    .         Reflect  .   (helmet restricted)
rElec    .         Harm     .   (no cloak)
rCorr    .         Rampage  .   (no gloves)
Will     .....                  (no boots)
Stlth    +.........             (no amulet)
HPRegen  0.08/turn              (no ring)
MPRegen  0.08/turn              (no ring)

@: on berserk cooldown
A: AC +4, unfitting armour, cold-blooded
a: Renounce Religion, Berserk


You were on level 7 of the Dungeon.
You worshipped Trog.
Trog was aware of your devotion.
You visited 1 branch of the dungeon, and saw 5 of its levels.

Inventory:

Hand Weapons
 a - a +0 hand axe (weapon)
Missiles
 b - 16 sling bullets
 d - 8 bolts
Wands
 e - a wand of flame (19)
Scrolls
 c - a scroll of brand weapon {unknown}
Potions
 f - a potion of resistance {unknown}


   Skills:
 - Level 3.2 Fighting
 * Level 4.1 Axes
 - Level 2.6 Dodging


You had one spell level left.
You didn't know any spells.
Your spell library was empty.

Dungeon Overview and Level Annotations

Branches:
Dungeon (4/15)
 Temple: D:4-7

Altars:
Vehumet


Innate Abilities, Weirdness & Mutations

Your plain brown scales are hard. (AC +4)
You cannot fit into any form of body armour.
You are cold-blooded and may be slowed by cold attacks.


Message History

You climb downwards.
There is a stone staircase leading up here.
Found a twisted silver wand.
An ufetubus comes into view.
The ufetubus shouts!
A red film seems to cover your vision as you go berserk!
You feel yourself moving faster!
You feel mighty! The ufetubus barely misses you. The ufetubus misses you.
You slash the ufetubus!
You kill the ufetubus!
Trog accepts your kill.
e - a wand of flame (19)
You feel a strong urge to attack something.
You feel your anger nearly subside.
You are no longer berserk.
You are exhausted.
You feel yourself slow down.
Found a lumpy ruby potion.
Found a hand crossbow.
f - a lumpy ruby potion You fall into a shaft and drop 3 floors!
The shaft crumbles and collapses.
You hear the roar of battle.
There is an entrance to a bailey on this level.
Hurry and find it before the portal closes forever!
An orc warrior, an ogre and a shadow imp come into view.
The shadow imp shouts, "Quit, thou twisted folly-fallen skainsmate!"
The ogre shouts!
The orc warrior shouts!
The ogre completely misses you. The shadow imp closely misses you.
The shadow imp misses you. x2
The ogre hits you with a +0 giant spiked club!
Ouch! That really hurt!
* * * LOW HITPOINT WARNING * * *
The shadow imp lashes its tail.
The shadow imp picks up a beetle and eats it.
The ogre misses you.
Found a stone staircase leading down.
The ogre closely misses you.
There is a stone staircase leading down here.
You feel yourself speed up.
The ogre hits you with a +0 giant spiked club!!
Ouch! That really hurt!
You die...

##########
.........#
#.......#
###@.#
#..O.# ####
#.##5#
#....##.##o#
#..........#
...###o####
#.........#
.....##.#.#
.... #.#o#


You could see an orc warrior, an ogre and a shadow imp.

Vanquished Creatures
  An adder (D:2)
  An ufetubus (D:4)
  A dart slug (D:2)
  2 endoplasms (D:2)
  A giant cockroach (D:2)
  A kobold (D:3)
  A ball python (D:3)
  2 frilled lizards (D:2)
  A rat (D:2)
11 creatures vanquished.

Notes
Turn   | Place    | Note
-------+----------+-------------------------------------------
     0 | D:1      | nxtlvl the Draconian Berserker began the quest for the Orb.
     0 | D:1      | Reached XP level 1. HP: 19/19 MP: 1/1
    65 | D:2      | Found a radiant altar of Vehumet.
    85 | D:2      | Reached XP level 2. HP: 22/26 MP: 2/2
   134 | D:3      | Reached skill level 4 in Axes
   166 | D:4      | You fall into a shaft and drop 3 floors!
   166 | D:7      | Noticed an orc warrior
   166 | D:7      | Noticed an ogre
   169 | D:7      | HP: 1/26 [ogre (16)]
   177 | D:7      | Annihilated by an ogre

Illustrated notes

Levels and vault maps discovered:
D:1:      lordsloth_arrival_two_stooges, layout_basic, minmay_quantized
D:2:      layout_rooms, basic_altar
D:3:      minmay_bubble_buster, layout_rooms, okawaru_trees_2,
          dreamdust_ecumenical_altar_statues
D:4:      layout_loops_ring, chequers_avenue, kennysheep_generic_room_13
D:7:      layout_loops_cross, enter_bailey_8, roderic_serpentine_path

Skill      XL: |  1  2 |
---------------+-------+-----
Axes           | 4 |  4.1
Fighting       | |  3.2
Dodging        | |  2.6

Action                   || total
-------------------------++-------
Melee: Hand axe          ||    22
       Tailslap          ||     3
Invok: Berserk           ||     3
Armor: Skin              ||     3
Dodge: Dodged            ||    20
